[Event "45th FIDE Womens Olympiad 2024"]
[Site "Budapest"]
[Date "2024.09.13"]
[Round "3.145"]
[White "Park, Sunwoo"]
[Black "Maksimovic, Masa"]
[Result "1/2-1/2"]
[ECO "B26"]
[WhiteElo "1877"]
[BlackElo "2093"]
[Annotator "NA RC"]
[PlyCount "101"]
[EventDate "2024.09.05"]
[EventType "team-tourn"]
[EventCountry "HUN"]
[SourceTitle "playchess.com"]
[Source "ChessBase"]
[SourceQuality "1"]
[WhiteTeam "South Korea"]
[BlackTeam "Bosnia & Herzegovina"]
[WhiteTeamCountry "KOR"]
[BlackTeamCountry "BIH"]
[TimeControl "40/5400+30:1800+30"]

1. e4 c5 2. Nc3 d6 3. g3 Nc6 4. Bg2 g6 5. d3 Bg7 6. Be3 e6 7. Qd2 h6 8. Nge2 Nd4 9. Nd1 Ne7 10. c3 Nxe2 11. Qxe2 O-O 12. O-O Rb8 13. f4 b6 14. d4 Bb7 15. Nf2 Qc8 16. Rfd1 d5 17. Rac1 dxe4 18. dxc5 bxc5 19. Nxe4 Bxe4 20. Bxe4 Nf5 21. Bf2 Qc7 22. Rd2 Rfd8 23. Rcd1 Rxd2 24. Rxd2 Rb6 25. Qd3 Rd6 26. Qc2 Rxd2 27. Qxd2 Nd6 28. Bd3 Nc8 29. Qe3 c4 30. Bf1 Nb6 31. Qe4 Bf8 32. Qd4 Bg7 33. Qe4 Bf8 34. Qe3 Bg7 35. Qc5 Qxc5 36. Bxc5 Na4 37. Ba3 Bf8 38. Bxf8 Kxf8 39. Bxc4 Nxb2 40. Bb3 Ke7 41. Kf2 Nd3+ 42. Ke2 Nc5 43. Ke3 Kd6 44. Kd4 f6 45. Bc2 g5 46. fxg5 fxg5 47. h4 gxh4 48. gxh4 e5+ 49. Ke3 Ke7 50. Kf3 Kf7 51. Kg4 1/2-1/2

[Event "45th FIDE Womens Olympiad 2024"]
[Site "Budapest"]
[Date "2024.09.13"]
[Round "3.146"]
[White "Babic, Milana"]
[Black "Kang, Sohyun"]
[Result "1-0"]
[ECO "A07"]
[WhiteElo "2080"]
[BlackElo "1726"]
[Annotator "NA RC"]
[PlyCount "99"]
[EventDate "2024.09.05"]
[EventType "team-tourn"]
[EventCountry "HUN"]
[SourceTitle "playchess.com"]
[Source "ChessBase"]
[SourceQuality "1"]
[WhiteTeam "Bosnia & Herzegovina"]
[BlackTeam "South Korea"]
[WhiteTeamCountry "BIH"]
[BlackTeamCountry "KOR"]
[TimeControl "40/5400+30:1800+30"]

1. Nf3 d5 2. g3 c6 3. Bg2 Bf5 4. O-O e6 5. Nh4 Bg4 6. d3 Be7 7. Nf3 Nf6 8. b3 O-O 9. Bb2 h6 10. c4 a5 11. Na3 Re8 12. Nc2 Bf5 13. a3 Qb6 14. Rb1 Nbd7 15. Bc3 Qa6 16. Ne3 Bh7 17. b4 dxc4 18. Nxc4 Nd5 19. Bd2 axb4 20. axb4 b5 21. Ne3 N7f6 22. Qb3 Qa2 23. Rfc1 Rec8 24. Nxd5 Nxd5 25. e4 Nf6 26. h3 Qxb3 27. Rxb3 Ra2 28. Be3 Nd7 29. Nd4 Raa8 30. Nxc6 Bf8 31. Kh2 Kh8 32. Nd4 Rxc1 33. Bxc1 Ra4 34. Bd2 Ra2 35. Be1 g5 36. Nxb5 Re2 37. Rb1 Kg8 38. Nc3 Rc2 39. Bf3 Bg7 40. Bd1 Rxc3 41. Bxc3 Bxc3 42. Kg2 Kg7 43. f4 Nb6 44. Kf3 f6 45. Rc1 Bd4 46. Rc7+ Kh8 47. Bb3 Bg8 48. Rc6 e5 49. Bxg8 Kxg8 50. Rxf6 1-0

[Event "45th FIDE Womens Olympiad 2024"]
[Site "Budapest"]
[Date "2024.09.13"]
[Round "3.147"]
[White "Cho, Yeonhee"]
[Black "Jacimovic, Sara"]
[Result "0-1"]
[ECO "C47"]
[WhiteElo "1696"]
[BlackElo "1981"]
[Annotator "NA RC"]
[PlyCount "108"]
[EventDate "2024.09.05"]
[EventType "team-tourn"]
[EventCountry "HUN"]
[SourceTitle "playchess.com"]
[Source "ChessBase"]
[SourceQuality "1"]
[WhiteTeam "South Korea"]
[BlackTeam "Bosnia & Herzegovina"]
[WhiteTeamCountry "KOR"]
[BlackTeamCountry "BIH"]
[TimeControl "40/5400+30:1800+30"]

1. e4 e5 2. Nf3 Nc6 3. Be2 Nf6 4. Nc3 Bc5 5. Nxe5 Nxe5 6. d4 Bd6 7. dxe5 Bxe5 8. Nb5 a6 9. f4 Bxf4 10. Bxf4 axb5 11. e5 Ne4 12. Qd5 Ng5 13. O-O Ne6 14. Be3 Qe7 15. Rf3 c6 16. Qd6 Qxd6 17. exd6 Ra4 18. c3 O-O 19. a3 Ra6 20. Rd1 Re8 21. Bd3 Ra4 22. Bc2 Ra6 23. Bb3 b6 24. Rdf1 Rf8 25. Rd1 Re8 26. Bc1 c5 27. Bd5 Ra7 28. Re3 Bb7 29. Bxe6 Rxe6 30. Rxe6 fxe6 31. Bg5 Ra8 32. Be7 Bd5 33. Re1 Kf7 34. Rf1+ Kg6 35. h4 h5 36. Kh2 Be4 37. Kg3 Bf5 38. Re1 b4 39. axb4 cxb4 40. cxb4 Ra4 41. Re2 Rxb4 42. Kf2 Rd4 43. Kg3 b5 44. Re5 b4 45. Re3 Bc2 46. Kh3 b3 47. Re5 Bf5+ 48. Kg3 Rd2 49. Rb5 Rxb2 50. Bg5 Be4 51. Bc1 Rxg2+ 52. Kh3 Rc2 53. Ba3 Bd5 54. Rb4 Kf5 0-1

[Event "45th FIDE Womens Olympiad 2024"]
[Site "Budapest"]
[Date "2024.09.13"]
[Round "3.148"]
[White "Mimic, Sofija"]
[Black "Kim, Sarang"]
[Result "0-1"]
[ECO "C17"]
[WhiteElo "1809"]
[BlackElo "1732"]
[Annotator "NA"]
[PlyCount "84"]
[EventDate "2024.09.05"]
[EventType "team-tourn"]
[EventCountry "HUN"]
[SourceTitle "playchess.com"]
[Source "ChessBase"]
[SourceQuality "1"]
[WhiteTeam "Bosnia & Herzegovina"]
[BlackTeam "South Korea"]
[WhiteTeamCountry "BIH"]
[TimeControl "40/5400+30:1800+30"]

1. e4 e6 2. d4 d5 3. Nc3 Bb4 4. e5 c5 5. Bd2 cxd4 6. Nb5 Bc5 7. b4 Be7 8. Qg4 g6 9. Qxd4 Nc6 10. Qb2 a6 11. Na3 Nxe5 12. f4 Nd7 13. Qxh8 Ndf6 14. Bc3 Kf8 15. Nf3 Qb6 16. O-O-O a5 17. Ng5 Qe3+ 18. Kb1 Qxc3 19. Nxh7+ Ke8 20. Bb5+ Bd7 21. Rd3 Qxb4+ 22. Rb3 Qd4 23. Bxd7+ Kxd7 24. Rxb7+ Kc6 25. Rc7+ Kb6 26. Rxe7 Qb4+ 27. Ka1 Qc3+ 28. Kb1 Rb8 29. Nxf6 Ka6+ 30. Kc1 Qxa3+ 31. Kd2 Qb4+ 32. Ke2 Nxe7 33. Qg7 Nc6 34. Qxf7 Nd4+ 35. Kf2 Qd2+ 36. Kg3 Qe3+ 37. Kg4 Qe2+ 38. Kh3 Rh8+ 39. Nh7 Qh5+ 40. Kg3 Rc8 41. Ng5 Nf5+ 42. Kf2 Rxc2+ 0-1

[Event "45th FIDE Womens Olympiad 2024"]
[Site "Budapest"]
[Date "2024.09.13"]
[Round "3.149"]
[White "Stojkovska, Monika"]
[Black "Viana, Valeria"]
[Result "1-0"]
[ECO "B12"]
[WhiteElo "2043"]
[BlackElo "1882"]
[Annotator "NA RC"]
[PlyCount "97"]
[EventDate "2024.09.05"]
[EventType "team-tourn"]
[EventCountry "HUN"]
[SourceTitle "playchess.com"]
[Source "ChessBase"]
[SourceQuality "1"]
[WhiteTeam "North Macedonia"]
[BlackTeam "Honduras"]
[WhiteTeamCountry "MKD"]
[BlackTeamCountry "HON"]
[TimeControl "40/5400+30:1800+30"]

1. e4 c6 2. d4 d5 3. e5 c5 4. Nf3 cxd4 5. Nxd4 Nc6 6. Nxc6 bxc6 7. Bd3 e6 8. O-O Ne7 9. Re1 Ng6 10. c3 a5 11. Bc2 Be7 12. Qg4 Qc7 13. Nd2 Bd7 14. Nf3 O-O-O 15. b4 f5 16. Qd4 c5 17. bxc5 Qxc5 18. Bd3 Qxd4 19. cxd4 Bb4 20. Bd2 Bxd2 21. Nxd2 Ba4 22. Nb3 Bxb3 23. axb3 Kb7 24. Rxa5 Rc8 25. Ba6+ Kb6 26. Bxc8 Kxa5 27. Bxe6 Ne7 28. Rc1 Kb6 29. Bd7 Ra8 30. Ba4 g5 31. Kf1 h5 32. Ke2 Rf8 33. Kd3 f4 34. Bd7 Ra8 35. Ba4 Rf8 36. Rc5 Rd8 37. Kc3 g4 38. Rb5+ Ka6 39. Kb4 h4 40. Ra5+ Kb6 41. Bb5 Nf5 42. Ra6+ Kb7 43. Kc5 g3 44. fxg3 h3 45. gxh3 f3 46. Rf6 Rc8+ 47. Kxd5 Rd8+ 48. Ke4 Nxd4 49. Bc4 1-0

[Event "45th FIDE Womens Olympiad 2024"]
[Site "Budapest"]
[Date "2024.09.13"]
[Round "3.150"]
[White "Torres Hernandez, Leslie Carolin"]
[Black "Manova, Ivana"]
[Result "1/2-1/2"]
[ECO "C90"]
[WhiteElo "1891"]
[BlackElo "2031"]
[Annotator "NA RC"]
[PlyCount "118"]
[EventDate "2024.09.05"]
[EventType "team-tourn"]
[EventCountry "HUN"]
[SourceTitle "playchess.com"]
[Source "ChessBase"]
[SourceQuality "1"]
[WhiteTeam "Honduras"]
[BlackTeam "North Macedonia"]
[WhiteTeamCountry "HON"]
[BlackTeamCountry "MKD"]
[TimeControl "40/5400+30:1800+30"]

1. e4 e5 2. Nf3 Nc6 3. Bb5 a6 4. Ba4 Nf6 5. O-O Be7 6. d3 b5 7. Bb3 d6 8. h3 Na5 9. Re1 O-O 10. Nbd2 Nxb3 11. axb3 c5 12. Nf1 Re8 13. c4 Bd7 14. Ne3 g6 15. g4 h6 16. Nh2 Bc6 17. Qf3 Nh7 18. Ng2 Bg5 19. Qg3 Qf6 20. h4 Bxc1 21. Raxc1 a5 22. Rc2 a4 23. bxa4 Rxa4 24. Qe3 Kg7 25. Rf1 Rea8 26. f4 exf4 27. Rxf4 Ra1+ 28. Nf1 Qe5 29. Rcf2 R8a7 30. Qf3 Qe6 31. Nge3 bxc4 32. dxc4 R1a4 33. Nd2 Rb4 34. b3 Re7 35. Nd5 Bxd5 36. exd5 Qe1+ 37. Kg2 Rbb7 38. Ne4 Rbd7 39. Nxd6 f6 40. Ne4 g5 41. hxg5 hxg5 42. Rxf6 Qxe4 43. Rc6 Qe5 44. Qd3 Qe4+ 45. Qxe4 Rxe4 46. Kg3 Re3+ 47. Rf3 Rxf3+ 48. Kxf3 Nf6 49. Rxc5 Rb7 50. Rb5 Rxb5 51. cxb5 Nxd5 52. Ke4 Nc3+ 53. Kf5 Nxb5 54. Kxg5 Nd4 55. b4 Nb5 56. Kf5 Nd4+ 57. Ke4 Nb5 58. Kd5 Kg6 59. Kc4 Na3+ 1/2-1/2

[Event "45th FIDE Womens Olympiad 2024"]
[Site "Budapest"]
[Date "2024.09.13"]
[Round "3.151"]
[White "Zhezhovska, Monika"]
[Black "Cruz, Bitia"]
[Result "1-0"]
[ECO "D53"]
[WhiteElo "2106"]
[BlackElo "1736"]
[Annotator "NA RC"]
[PlyCount "57"]
[EventDate "2024.09.05"]
[EventType "team-tourn"]
[EventCountry "HUN"]
[SourceTitle "playchess.com"]
[Source "ChessBase"]
[SourceQuality "1"]
[WhiteTeam "North Macedonia"]
[BlackTeam "Honduras"]
[WhiteTeamCountry "MKD"]
[BlackTeamCountry "HON"]
[TimeControl "40/5400+30:1800+30"]

1. d4 d5 2. c4 c6 3. Nc3 Nf6 4. Nf3 e6 5. Bg5 Nbd7 6. e3 Be7 7. Qc2 dxc4 8. Bxc4 b5 9. Bd3 b4 10. Ne4 Bb7 11. Rc1 Rc8 12. Bxf6 Nxf6 13. Nc5 Qb6 14. Ne5 Ba8 15. O-O h6 16. Bg6 Bxc5 17. Bxf7+ Ke7 18. dxc5 Qc7 19. f4 h5 20. Qc4 Nd5 21. e4 Nxf4 22. Ng6+ Kxf7 23. Nxf4 Qd7 24. Rcd1 Qe8 25. Nxe6+ Kg6 26. Rd6 Qe7 27. Nf8+ Kg5 28. Rg6+ Kh4 29. e5# 1-0

[Event "45th FIDE Womens Olympiad 2024"]
[Site "Budapest"]
[Date "2024.09.13"]
[Round "3.152"]
[White "Oseguera, Suhey"]
[Black "Eftovska, Lea"]
[Result "0-1"]
[ECO "C49"]
[WhiteElo "1590"]
[BlackElo "1839"]
[Annotator "NA"]
[PlyCount "82"]
[EventDate "2024.09.05"]
[EventType "team-tourn"]
[EventCountry "HUN"]
[SourceTitle "playchess.com"]
[Source "ChessBase"]
[SourceQuality "1"]
[WhiteTeam "Honduras"]
[BlackTeam "North Macedonia"]
[WhiteTeamCountry "HON"]
[BlackTeamCountry "MKD"]
[TimeControl "40/5400+30:1800+30"]

1. e4 e5 2. Nf3 Nc6 3. Nc3 Nf6 4. Bb5 Bb4 5. O-O Bxc3 6. Bxc6 bxc6 7. bxc3 d6 8. d3 O-O 9. Rb1 h6 10. h3 Re8 11. Nh2 d5 12. f3 Ba6 13. Qe1 Nh5 14. Ng4 Qe7 15. Kh2 Rad8 16. Ne3 Bc8 17. g4 Nf4 18. Rg1 g5 19. Nf5 Bxf5 20. gxf5 f6 21. Bxf4 exf4 22. Qh4 Kh7 23. Qh5 Rg8 24. Rb7 Rg7 25. h4 dxe4 26. fxe4 Rdg8 27. hxg5 fxg5 28. Rxa7 g4 29. Rh1 Rg5 30. Qh4 h5 31. Kg2 f3+ 32. Kf1 g3 33. Rg1 g2+ 34. Kf2 Qc5+ 35. d4 Qxa7 36. Kxf3 Qa5 37. f6 Qxc3+ 38. Kf4 Rg4+ 39. Qxg4 Rxg4+ 40. Kf5 Qf3+ 41. Ke5 Qxe4# 0-1

[Event "45th FIDE Womens Olympiad 2024"]
[Site "Budapest"]
[Date "2024.09.13"]
[Round "3.153"]
[White "Ravelomanana, Sabine"]
[Black "Dornbusch, Tatiana"]
[Result "1/2-1/2"]
[ECO "C55"]
[WhiteElo "1926"]
[BlackElo "2212"]
[Annotator "RC"]
[PlyCount "84"]
[EventDate "2024.09.05"]
[EventType "team-tourn"]
[EventCountry "HUN"]
[SourceTitle "playchess.com"]
[Source "ChessBase"]
[SourceQuality "1"]
[WhiteTeam "Madagascar"]
[BlackTeam "Monaco"]
[WhiteTeamCountry "MAD"]
[BlackTeamCountry "MNC"]
[TimeControl "40/5400+30:1800+30"]

1. e4 e5 2. Nf3 Nc6 3. Bc4 Nf6 4. d3 Be7 5. O-O O-O 6. Re1 d6 7. a4 Be6 8. Nbd2 Qd7 9. a5 a6 10. c3 Rae8 11. Qb3 Nd8 12. d4 exd4 13. Nxd4 d5 14. exd5 Bxd5 15. Bxd5 Nxd5 16. N2f3 Bd6 17. Kf1 Rxe1+ 18. Kxe1 Re8+ 19. Kf1 Nf6 20. Bg5 Ne4 21. Bxd8 Nc5 22. Qc2 Qxd8 23. Rd1 Qf6 24. Qf5 Qxf5 25. Nxf5 Bf8 26. b4 Ne4 27. Rd7 g6 28. Ne3 Nxc3 29. Rxc7 Bxb4 30. Rxb7 Bxa5 31. Nc4 Bd8 32. Ra7 a5 33. Nxa5 Bb6 34. Ra6 Bc5 35. Nb3 Bf8 36. Rc6 Ne4 37. h3 Ra8 38. Rc2 Bg7 39. g3 h6 40. Kg2 Rb8 41. Nbd2 Nc3 42. Nc4 Re8 1/2-1/2

[Event "45th FIDE Womens Olympiad 2024"]
[Site "Budapest"]
[Date "2024.09.13"]
[Round "3.154"]
[White "Zvereva, Marija"]
[Black "Raharimanana, Faratiana"]
[Result "1-0"]
[ECO "A04"]
[WhiteElo "2035"]
[BlackElo "1815"]
[Annotator "NA RC"]
[PlyCount "79"]
[EventDate "2024.09.05"]
[EventType "team-tourn"]
[EventCountry "HUN"]
[SourceTitle "playchess.com"]
[Source "ChessBase"]
[SourceQuality "1"]
[WhiteTeam "Monaco"]
[BlackTeam "Madagascar"]
[WhiteTeamCountry "MNC"]
[BlackTeamCountry "MAD"]
[TimeControl "40/5400+30:1800+30"]

1. e4 c5 2. Nf3 Nc6 3. g3 g6 4. Bg2 Bg7 5. O-O Nf6 6. Re1 O-O 7. c3 e5 8. d4 cxd4 9. cxd4 d6 10. h3 h6 11. Nc3 Re8 12. Be3 b6 13. Rc1 a6 14. dxe5 dxe5 15. Qxd8 Nxd8 16. Na4 Bb7 17. Nxb6 Rb8 18. Nd2 Ne6 19. Nbc4 Ng5 20. Nd6 Red8 21. Nxb7 Rxb7 22. f4 Ngh7 23. Nc4 exf4 24. gxf4 Nd7 25. e5 Rbb8 26. b3 Nhf8 27. Na5 Re8 28. Nc6 Rb5 29. Bf1 Rb6 30. Bxb6 Nxb6 31. Bxa6 Ra8 32. Nb4 Ne6 33. Rc6 Nd7 34. Rc8+ Rxc8 35. Bxc8 Ndc5 36. Bxe6 Nxe6 37. Nd5 Bf8 38. b4 Nd4 39. Kf2 Nc2 40. Rc1 1-0

[Event "45th FIDE Womens Olympiad 2024"]
[Site "Budapest"]
[Date "2024.09.13"]
[Round "3.155"]
[White "Randriatsiferana, Dimbiharentsoa Chris"]
[Black "Berezovsky, Fiorina"]
[Result "0-1"]
[ECO "B25"]
[WhiteElo "1736"]
[BlackElo "1976"]
[Annotator "NA RC"]
[PlyCount "64"]
[EventDate "2024.09.05"]
[EventType "team-tourn"]
[EventCountry "HUN"]
[SourceTitle "playchess.com"]
[Source "ChessBase"]
[SourceQuality "1"]
[WhiteTeam "Madagascar"]
[BlackTeam "Monaco"]
[WhiteTeamCountry "MAD"]
[BlackTeamCountry "MNC"]
[TimeControl "40/5400+30:1800+30"]

1. e4 c5 2. Nc3 Nc6 3. g3 g6 4. Bg2 Bg7 5. Nge2 Nf6 6. O-O d6 7. d3 O-O 8. f4 a6 9. a4 Qc7 10. h3 Nd4 11. g4 e6 12. Ng3 Rb8 13. Be3 b5 14. h4 b4 15. g5 bxc3 16. bxc3 Nc6 17. gxf6 Bxf6 18. h5 Bxc3 19. hxg6 fxg6 20. Rb1 Rb4 21. Rxb4 Nxb4 22. Qb1 d5 23. Ne2 d4 24. Bxd4 cxd4 25. Nxc3 Qxc3 26. Rf2 e5 27. f5 gxf5 28. Bh3 f4 29. Bxc8 Rxc8 30. Qd1 Rc7 31. Qh5 Qe1+ 32. Kg2 Rg7+ 0-1

[Event "45th FIDE Womens Olympiad 2024"]
[Site "Budapest"]
[Date "2024.09.13"]
[Round "3.156"]
[White "Dubois, Martine"]
[Black "Tsinjoviniavo, Aina Mahasambatra"]
[Result "0-1"]
[ECO "C00"]
[WhiteElo "1816"]
[BlackElo "1662"]
[Annotator "NA"]
[PlyCount "84"]
[EventDate "2024.09.05"]
[EventType "team-tourn"]
[EventCountry "HUN"]
[SourceTitle "playchess.com"]
[Source "ChessBase"]
[SourceQuality "1"]
[WhiteTeam "Monaco"]
[BlackTeam "Madagascar"]
[WhiteTeamCountry "MNC"]
[BlackTeamCountry "MAD"]
[TimeControl "40/5400+30:1800+30"]

1. e4 c5 2. c3 e6 3. Qe2 Nc6 4. g3 Nge7 5. Bg2 g6 6. d3 Bg7 7. Be3 d6 8. Qd2 Ne5 9. Na3 Ng4 10. Bg5 h6 11. Bxe7 Qxe7 12. f4 O-O 13. h3 Nf6 14. Ne2 Rb8 15. O-O e5 16. Nc4 b5 17. Ne3 h5 18. Nd5 Nxd5 19. exd5 exf4 20. Nxf4 b4 21. Rae1 bxc3 22. bxc3 Qg5 23. Re3 h4 24. Kh2 hxg3+ 25. Rxg3 Qe5 26. d4 cxd4 27. c4 Ba6 28. Re1 Qf6 29. Rf3 Bh6 30. Re4 Bxc4 31. Qc2 Rfc8 32. Nxg6 d3 33. Qa4 Qxg6 34. Rg3 Bg5 35. Reg4 f6 36. h4 Qh7 37. Bh3 Rb2+ 38. Rg2 Rxg2+ 39. Bxg2 Kf8 40. Be4 f5 41. Bxd3 Bxd3 42. Rxg5 Rc4 0-1

[Event "45th FIDE Womens Olympiad 2024"]
[Site "Budapest"]
[Date "2024.09.13"]
[Round "3.157"]
[White "Arakhamia-Grant, Ketevan"]
[Black "Lopez L., Dairyn D."]
[Result "1-0"]
[ECO "B06"]
[WhiteElo "2263"]
[BlackElo "1740"]
[Annotator "RC"]
[PlyCount "87"]
[EventDate "2024.09.05"]
[EventType "team-tourn"]
[EventCountry "HUN"]
[SourceTitle "playchess.com"]
[Source "ChessBase"]
[SourceQuality "1"]
[WhiteTeam "Scotland"]
[BlackTeam "Guatemala"]
[WhiteTeamCountry "SCO"]
[BlackTeamCountry "GUA"]
[TimeControl "40/5400+30:1800+30"]

1. e4 d6 2. d4 g6 3. Nc3 Bg7 4. Be3 a6 5. Qd2 b5 6. f3 b4 7. Nd1 a5 8. a3 Ba6 9. axb4 Bxf1 10. Kxf1 a4 11. Ne2 Nd7 12. Kf2 e6 13. Ndc3 Nb6 14. Qd3 d5 15. Qb5+ Qd7 16. Qxd7+ Kxd7 17. Nf4 Ne7 18. Nd3 Nc6 19. e5 Rhb8 20. b5 Na5 21. Nc5+ Kc8 22. N5xa4 Nxa4 23. Rxa4 Nc4 24. Rha1 Rxa4 25. Nxa4 Rxb5 26. b3 Nb6 27. Nc5 Bf8 28. Nd3 Nd7 29. Ke2 Kb8 30. g4 Rb6 31. f4 Rc6 32. Kd2 Rb6 33. Rf1 h6 34. f5 exf5 35. gxf5 g5 36. h4 gxh4 37. Rh1 Kb7 38. Rxh4 Ra6 39. f6 Ra5 40. Bxh6 Ba3 41. Be3 Bf8 42. Rh7 Ra1 43. Rxf7 Ba3 44. Rxd7 1-0

[Event "45th FIDE Womens Olympiad 2024"]
[Site "Budapest"]
[Date "2024.09.13"]
[Round "3.158"]
[White "Raymundo, Deycy Daniela"]
[Black "Roy, Ali"]
[Result "0-1"]
[ECO "C01"]
[WhiteElo "1728"]
[BlackElo "1961"]
[Annotator "NA RC"]
[PlyCount "120"]
[EventDate "2024.09.05"]
[EventType "team-tourn"]
[EventCountry "HUN"]
[SourceTitle "playchess.com"]
[Source "ChessBase"]
[SourceQuality "1"]
[WhiteTeam "Guatemala"]
[BlackTeam "Scotland"]
[WhiteTeamCountry "GUA"]
[BlackTeamCountry "SCO"]
[TimeControl "40/5400+30:1800+30"]

1. e4 e6 2. d4 d5 3. exd5 exd5 4. Bd3 Nf6 5. Nf3 Be7 6. h3 Nc6 7. c3 O-O 8. O-O Be6 9. Bg5 Re8 10. Re1 h6 11. Bh4 Nh5 12. Bxe7 Qxe7 13. Nbd2 Nf4 14. Bf5 Qf6 15. Bxe6 Rxe6 16. Rxe6 Qxe6 17. Nf1 Re8 18. Ng3 Qf6 19. Qd2 Nxh3+ 20. gxh3 Qxf3 21. Re1 Rxe1+ 22. Qxe1 Kf8 23. Qd2 Ne7 24. Qe3 Qxe3 25. fxe3 f5 26. Nh5 Kf7 27. Nf4 g5 28. Nd3 b6 29. Ne5+ Ke6 30. Kf2 c5 31. b3 cxd4 32. cxd4 h5 33. Kf3 g4+ 34. hxg4 fxg4+ 35. Kf4 Nf5 36. Nd3 g3 37. Ne1 h4 38. Kg4 Nxe3+ 39. Kxh4 g2 40. Nf3 Kf5 41. Kg3 Ke4 42. Kf2 a5 43. Kg3 Nf5+ 44. Kxg2 Nxd4 45. Ne1 Nb5 46. Kf2 Nc3 47. a4 d4 48. Nf3 Nd1+ 49. Ke2 d3+ 50. Kd2 Kxf3 51. Kxd3 Ne3 52. Kd4 Nc2+ 53. Kc4 Nb4 54. Kb5 Nd5 55. Kc6 Ke4 56. Kd6 Kd4 57. Kc6 Kc3 58. Kxd5 Kxb3 59. Kc6 Kxa4 60. Kxb6 Kb4 0-1

[Event "45th FIDE Womens Olympiad 2024"]
[Site "Budapest"]
[Date "2024.09.13"]
[Round "3.159"]
[White "Cooke, Suzie G."]
[Black "Santiago Sontay, Jenny Fernanda"]
[Result "1-0"]
[ECO "D00"]
[WhiteElo "1941"]
[BlackElo "1773"]
[Annotator "NA RC"]
[PlyCount "81"]
[EventDate "2024.09.05"]
[EventType "team-tourn"]
[EventCountry "HUN"]
[SourceTitle "playchess.com"]
[Source "ChessBase"]
[SourceQuality "1"]
[WhiteTeam "Scotland"]
[BlackTeam "Guatemala"]
[WhiteTeamCountry "SCO"]
[BlackTeamCountry "GUA"]
[TimeControl "40/5400+30:1800+30"]

1. d4 d5 2. Bf4 Nf6 3. e3 e6 4. Bd3 Bd6 5. Bg3 b6 6. Nd2 Bb7 7. Ngf3 O-O 8. c3 c5 9. Qb1 Nc6 10. Ne5 h6 11. f4 Qc7 12. O-O Rac8 13. Rf3 a6 14. Bh4 Ne8 15. g4 Be7 16. Rh3 Nd6 17. Bxe7 Nxe7 18. g5 Nef5 19. gxh6 Nxh6 20. Ndf3 Ne4 21. Ng5 cxd4 22. exd4 b5 23. Nxe4 dxe4 24. Bxe4 Bxe4 25. Qxe4 Nf5 26. Re1 Qd6 27. Ng4 b4 28. Qg2 f6 29. Qe4 Kf7 30. Ne3 bxc3 31. Nxf5 exf5 32. Qb7+ Rc7 33. Qb3+ Kg6 34. bxc3 Rfc8 35. Re2 Rc4 36. Rg2+ Kf7 37. Rhg3 Qxf4 38. Rxg7+ Ke6 39. Re2+ Kd6 40. Qa3+ Kd5 41. Qxa6 1-0

[Event "45th FIDE Womens Olympiad 2024"]
[Site "Budapest"]
[Date "2024.09.13"]
[Round "3.160"]
[White "Mazariegos, Silvia Carolina"]
[Black "Bhatia, Kanishka"]
[Result "0-1"]
[ECO "D00"]
[WhiteElo "1878"]
[BlackElo "1908"]
[Annotator "NA RC"]
[PlyCount "54"]
[EventDate "2024.09.05"]
[EventType "team-tourn"]
[EventCountry "HUN"]
[SourceTitle "playchess.com"]
[Source "ChessBase"]
[SourceQuality "1"]
[WhiteTeam "Guatemala"]
[BlackTeam "Scotland"]
[WhiteTeamCountry "GUA"]
[BlackTeamCountry "SCO"]
[TimeControl "40/5400+30:1800+30"]

1. d4 Nf6 2. e3 d5 3. Bd3 g6 4. Nd2 Bg7 5. Qe2 O-O 6. f4 c5 7. c3 Nc6 8. Ngf3 Bg4 9. O-O Nh5 10. Qf2 cxd4 11. cxd4 Bd7 12. Ne5 Nf6 13. h3 Nb4 14. Bb1 Bb5 15. Re1 Nd7 16. Ndf3 Nxe5 17. Nxe5 Bxe5 18. dxe5 Nd3 19. Qe2 Nxe1 20. Qxb5 Rc8 21. Bd2 Nc2 22. Qb3 Nxa1 23. Qd3 Qb6 24. Bc3 Rxc3 25. Qxc3 Qc6 26. Qd3 Qc1+ 27. Kh2 Qxb2 0-1

[Event "45th FIDE Womens Olympiad 2024"]
[Site "Budapest"]
[Date "2024.09.13"]
[Round "3.161"]
[White "Chuemsakul, Sarocha"]
[Black "Kanyamarala, Trisha"]
[Result "1-0"]
[ECO "E25"]
[WhiteElo "1906"]
[BlackElo "2179"]
[Annotator "RC"]
[PlyCount "79"]
[EventDate "2024.09.05"]
[EventType "team-tourn"]
[EventCountry "HUN"]
[SourceTitle "playchess.com"]
[Source "ChessBase"]
[SourceQuality "1"]
[WhiteTeam "Thailand"]
[BlackTeam "Ireland"]
[WhiteTeamCountry "THA"]
[BlackTeamCountry "IRL"]
[TimeControl "40/5400+30:1800+30"]

1. d4 Nf6 2. c4 e6 3. Nc3 Bb4 4. f3 d5 5. a3 Bxc3+ 6. bxc3 c5 7. cxd5 Nxd5 8. dxc5 Qa5 9. e4 Nf6 10. Be3 O-O 11. Qb3 Na6 12. Bxa6 Qxa6 13. Rd1 Bd7 14. Rd6 Bc6 15. Ne2 Rfd8 16. Kf2 Rxd6 17. cxd6 Bxe4 18. c4 Bc6 19. Nc3 Rc8 20. Rd1 Nd7 21. a4 Qa5 22. Nb5 a6 23. Qc3 Qd8 24. Na7 Bxa4 25. Nxc8 Bxd1 26. Ne7+ Kf8 27. Qd3 Ba4 28. Qxh7 Ke8 29. Qh8+ Nf8 30. c5 Qa5 31. Qxg7 Qb4 32. Qh8 Qc4 33. Kg3 Qc2 34. c6 Bxc6 35. Bh6 Qc5 36. Qxf8+ Kd7 37. Nxc6 Qxc6 38. Qe7+ Kc8 39. Bg5 Kb8 40. d7 1-0

[Event "45th FIDE Womens Olympiad 2024"]
[Site "Budapest"]
[Date "2024.09.13"]
[Round "3.162"]
[White "O`Gorman, Alice"]
[Black "Prommuang, Araya"]
[Result "1/2-1/2"]
[ECO "B33"]
[WhiteElo "1996"]
[BlackElo "1753"]
[Annotator "NA RC"]
[PlyCount "113"]
[EventDate "2024.09.05"]
[EventType "team-tourn"]
[EventCountry "HUN"]
[SourceTitle "playchess.com"]
[Source "ChessBase"]
[SourceQuality "1"]
[WhiteTeam "Ireland"]
[BlackTeam "Thailand"]
[WhiteTeamCountry "IRL"]
[BlackTeamCountry "THA"]
[TimeControl "40/5400+30:1800+30"]

1. e4 c5 2. Nf3 e6 3. d4 cxd4 4. Nxd4 Nf6 5. Nc3 Nc6 6. Ndb5 d6 7. Bf4 e5 8. Bg5 a6 9. Bxf6 gxf6 10. Na3 b5 11. Nd5 Be7 12. Bd3 Nd4 13. c3 Ne6 14. Nc2 Nc7 15. Nce3 Be6 16. Bc2 O-O 17. Qf3 Kh8 18. Nxe7 Qxe7 19. Nd5 Bxd5 20. exd5 e4 21. Qh5 Rg8 22. O-O-O Rae8 23. f3 Rg5 24. Qh4 f5 25. fxe4 Rxg2 26. Qf4 fxe4 27. Rhe1 Qg5 28. Qxg5 Rxg5 29. Rxe4 Rxe4 30. Bxe4 f5 31. Bf3 Kg7 32. Rd4 Kf6 33. a4 Rg1+ 34. Kd2 Rb1 35. b3 Rxb3 36. Kc2 Ra3 37. Rh4 Ke5 38. Rxh7 Nxd5 39. Bxd5 Kxd5 40. axb5 axb5 41. h4 Ke4 42. h5 Ke5 43. Rb7 Ra2+ 44. Kd3 Rh2 45. Rxb5+ Ke6 46. Rb8 Rxh5 47. Re8+ Kf7 48. Ra8 Kf6 49. Rd8 Ke7 50. Rb8 Rh4 51. Ra8 Ke6 52. c4 d5 53. cxd5+ Kxd5 54. Ra5+ Ke6 55. Ke3 Kf6 56. Ra8 Rg4 57. Kf3 1/2-1/2